 Dungeon Crawl Stone Soup version 0.27-b1-42-g19c61b19a5 (webtiles) character file.

Game seed: 6518210089521648826

3 Urokeeper the Sneak (level 1, -3/16 HPs)
             Began as a Vampire Brigand on July 29, 2021.
             Slain by a gnoll (7 damage)
             ... on level 1 of the Dungeon.
             The game lasted 00:00:23 (101 turns).

Urokeeper the Sneak (Vampire Brigand)                Turns: 101, Time: 00:00:24

Health: -3/16      AC:  3    Str: 10    XL:     1   Next: 41%
Magic:  1/1        EV: 12    Int: 13    God:
Gold:   24         SH:  0    Dex: 15    Spells: 0/0 levels left

rFire    . . .     SeeInvis +   a - +2 dagger
rCold    . . .     Faith    .   (no shield)
rNeg     . . .     Spirit   .   b - +0 robe
rPois    .         Reflect  .   (no helmet)
rElec    .         Harm     .   c - +0 cloak
rCorr    .         Rampage  .   (no gloves)
Will     .....                  (no boots)
Stlth    +++.......             (no amulet)
HPRegen  0.25/turn              (no ring)
MPRegen  0.07/turn              (no ring)

@: healing quickly
A: alive, fangs 3, see invisible, vampiric 1
a: Exsanguinate


You were on level 1 of the Dungeon.
You visited 1 branch of the dungeon, and saw 1 of its levels.

You collected 24 gold pieces.

Inventory:

Hand Weapons
 a - a +2 dagger (weapon)
Missiles
 d - 16 poisoned darts (quivered)
 e - 2 curare-tipped darts
Armour
 b - a +0 robe (worn)
 c - a +0 cloak (worn)


   Skills:
 + Level 1.7 Fighting
 + Level 2.1 Short Blades
 + Level 1.5 Throwing
 + Level 1.1 Dodging
 + Level 6.2 Stealth


You couldn't memorise any spells.
You didn't know any spells.
Your spell library was empty.

Dungeon Overview and Level Annotations

Branches:
Dungeon (1/15)

Altars:


Innate Abilities, Weirdness & Mutations

Your natural rate of healing is accelerated.
You have razor-sharp teeth.
You have supernaturally acute eyesight. (SInv)
You are afflicted with vampirism.


Message History

You now have 24 gold pieces (gained 12).
A bat and a gnoll come into view.
The gnoll shouts!
The bat enters a dispersal trap!
The gnoll blinks!
You blink.
The bat blinks!
The gnoll moves out of view.
The bat moves out of view.
The bat enters a dispersal trap!
You blink.
The bat blinks!
An endoplasm comes into view.
The bat enters a dispersal trap!
The endoplasm blinks! x3; The gnoll blinks! x2
You blink.
The bat blinks!
The gnoll hits you with a +0 club. The bat hits you.
You hit the gnoll.
The gnoll is lightly wounded.
The bat barely misses you. The bat hits you but does no damage.
The gnoll hits you with a +0 club.
You closely miss the gnoll.
The gnoll is lightly wounded.
The bat barely misses you. The gnoll misses you.
You hit the gnoll.
The gnoll is severely wounded.
The bat hits you. The bat barely misses you. The gnoll barely misses you.
You are too injured to fight recklessly!
You are too injured to fight recklessly!
You are too injured to fight recklessly!
You are too injured to fight recklessly!
You are too injured to fight recklessly!
You are too injured to fight recklessly!
You are too injured to fight recklessly!
You barely miss the gnoll. Your bite misses the gnoll.
The gnoll is severely wounded.
The bat barely misses you.
You hit the gnoll. You bite the gnoll, but do no damage.
The gnoll is severely wounded.
The bat hits you. x2; The gnoll hits you with a +0 club.
* * * LOW HITPOINT WARNING * * *
You hit the gnoll.
The gnoll is almost dead.
The bat hits you.
* * * LOW HITPOINT WARNING * * *
The bat misses you. The gnoll hits you with a +0 club!
You die...

.# #. .# #.#### .#
#..... .# #..#.# .#####
#..#.# ##
.....########..#.###....
........................
####.########..#b######
# #.# #..#@# #.# #.§#g#
#.########§.#.#
#....§..§.b.#.#
##########.##.. #.####
#.. ##.. .##


You could see a gnoll and a bat.

Vanquished Creatures
  A goblin (D:1)
  A hobgoblin (D:1)
  A ball python (D:1)
3 creatures vanquished.

Notes
Turn   | Place    | Note
-------+----------+-------------------------------------------
     0 | D:1      | Urokeeper the Vampire Brigand began the quest for the Orb.
     0 | D:1      | Reached XP level 1. HP: 16/16 MP: 1/1
    42 | D:1      | Reached skill level 6 in Stealth
   101 | D:1      | Slain by a gnoll

Illustrated notes

Levels and vault maps discovered:
D:1:      dpeg_arrival_court, layout_loops_ring

Skill      XL: |  1 |
---------------+----+-----
Stealth        | 6 |  6.2
Fighting       | |  1.7
Short Blades   | |  2.1
Throwing       | |  1.5
Dodging        | |  1.1

Action                   || total
-------------------------++-------
Melee: Dagger            ||    13
       Bite              ||     3
Armor: Robe              ||     3
Dodge: Dodged            ||    11
